MID
WEST VIRGINIA POWER @ HAGERSTOWN SUNS
09/18/2047
 
TOP OF THE 1ST
West Virginia Power batting - Pitching for Hagerstown Suns : LHP Leo Gutierrez
Pitching: LHP Leo Gutierrez
Batting: RHB Perry Dominey 0-0: Called Strike
0-1: Ball
1-1: Ball
2-1: Called Strike
2-2: Ball
3-2: SINGLE (Groundball, 6MD, EV 99.4 MPH)
Batting: LHB Randy Boone 0-0: Ball
1-0: Foul Ball, location: 2F
1-1: Foul Ball, location: 2F
1-2: Foul Ball, location: 2F
1-2: Fly out, F8 (Flyball, 8LM, EV 81.9 MPH)
Batting: RHB Mike Velazquez 0-0: Called Strike
0-1: Ball
1-1: SINGLE (Line Drive, 9LS, EV 93.8 MPH)
Perry Dominey to second
Runner from 2nd tries for 3rd, SAFE, throw by RF made to third
Batting: RHB Jaime Dubicki 0-0: SINGLE (Groundball, 6MD, EV 101.9 MPH)
Perry Dominey scores
Mike Velazquez to second
Batting: LHB Tomohiro Yokoyama 0-0: Ball
1-0: Foul Ball, location: 2F
1-1: Foul Ball, location: 2F
1-2: Ball
2-2: Foul Ball, location: 2F
2-2: Ball
3-2: Fly out, F7 (Line Drive, 7, EV 90.6 MPH)
Batting: RHB Tim Moore 0-0: Ball
1-0: DOUBLE (Line Drive, 9LS, EV 105.6 MPH)
Mike Velazquez scores
Jaime Dubicki to third
Batting: LHB Josh Aerni 0-0: Ball
1-0: Called Strike
1-1: SINGLE (Line Drive, 9S, EV 109.4 MPH)
Jaime Dubicki scores
Tim Moore to third
Batting: LHB Carlos Vega 0-0: Called Strike
Balk!
Tim Moore scores
Josh Aerni to second
0-1: Ball
1-1: Ball
2-1: Foul Ball, location: 2F
2-2: Foul Ball, location: 2F
2-2: Foul Ball, location: 2F
2-2: Ground out 4-3 (Groundball, 4, EV 78.1 MPH)
Top of the 1st over - 4 runs, 5 hits, 0 errors, 1 left on base; West Virginia 4 - Hagerstown 0
BOTTOM OF THE 1ST
Hagerstown Suns batting - Pitching for West Virginia Power : RHP Kyle Davis
Pitching: RHP Kyle Davis
Batting: RHB Leo Gutierrez 0-0: Ground out 4-3 (Groundball, 4, EV 86.9 MPH)
Batting: RHB Derek Moran 0-0: Swinging Strike
0-1: Swinging Strike
0-2: Ground out 5-3 (Groundball, 56S, EV 85.6 MPH)
Batting: LHB Chance McWilliams 0-0: Ball
1-0: Ball
2-0: Foul Ball, location: 2F
2-1: Ground out 4-3 (Groundball, 4, EV 105.0 MPH)
Bottom of the 1st over - 0 runs, 0 hits, 0 errors, 0 left on base; West Virginia 4 - Hagerstown 0
TOP OF THE 2ND
West Virginia Power batting - Pitching for Hagerstown Suns : LHP Leo Gutierrez
Batting: LHB Donald Imre 0-0: Ball
1-0: Ball
2-0: Ground out 4-3 (Groundball, 34D, EV 106.2 MPH)
Batting: RHB Perry Dominey 0-0: Called Strike
0-1: Foul Ball, location: 2F
0-2: Ball
1-2: TRIPLE (Flyball, 8RXD, EV 86.9 MPH)
Batting: LHB Randy Boone 0-0: Ground out 6-3 (Groundball, 6, EV 98.8 MPH)
Perry Dominey scores
Batting: RHB Mike Velazquez 0-0: Swinging Strike
0-1: Foul Ball, location: 2F
0-2: Foul Ball, location: 2F
0-2: Ball
1-2: Fly out, F9 (Flyball, 89M, EV 80.6 MPH)
Top of the 2nd over - 1 run, 1 hit, 0 errors, 0 left on base; West Virginia 5 - Hagerstown 0
BOTTOM OF THE 2ND
Hagerstown Suns batting - Pitching for West Virginia Power : RHP Kyle Davis
Batting: RHB Slavik Nebrodov 0-0: Foul Ball, location: 2F
0-1: Ball
1-1: Foul Ball, location: 2F
1-2: Fly out, F3 (Popup, 3SF, EV 76.9 MPH)
Batting: RHB Jesus Malave 0-0: Ground out 5-3 (Groundball, 56, EV 85.6 MPH)
Batting: RHB Tylor Cyr 0-0: Ball
1-0: Foul Ball, location: 2F
1-1: Ball
2-1: Foul Ball, location: 2F
2-2: Ball
3-2: Strikes out swinging
Bottom of the 2nd over - 0 runs, 0 hits, 0 errors, 0 left on base; West Virginia 5 - Hagerstown 0
TOP OF THE 3RD
West Virginia Power batting - Pitching for Hagerstown Suns : LHP Leo Gutierrez
Batting: RHB Jaime Dubicki 0-0: Called Strike
0-1: Ball
1-1: Ball
2-1: Foul Ball, location: 2F
2-2: Strikes out swinging
Batting: LHB Tomohiro Yokoyama 0-0: Ball
1-0: Hit by Pitch
Pitching: RHP Salvador Medina
Batting: RHB Tim Moore 0-0: Ground out 6-3 (Groundball, 56, EV 101.2 MPH)
Tomohiro Yokoyama to second
Batting: LHB Josh Aerni 0-0: Fly out, F8 (Line Drive, 8LM, EV 102.5 MPH)
Top of the 3rd over - 0 runs, 0 hits, 0 errors, 1 left on base; West Virginia 5 - Hagerstown 0
BOTTOM OF THE 3RD
Hagerstown Suns batting - Pitching for West Virginia Power : RHP Kyle Davis
Batting: RHB Steve Bauman 0-0: Ground out 6-3 (Groundball, 6M, EV 98.1 MPH)
Batting: RHB Jim Towle 0-0: Ball
1-0: Called Strike
1-1: Foul Ball, location: 2F
1-2: Strikes out swinging
Batting: SHB Alex Medina 0-0: Called Strike
0-1: Ball
1-1: Called Strike
1-2: Foul Ball, location: 2F
1-2: Strikes out swinging
Bottom of the 3rd over - 0 runs, 0 hits, 0 errors, 0 left on base; West Virginia 5 - Hagerstown 0
TOP OF THE 4TH
West Virginia Power batting - Pitching for Hagerstown Suns : RHP Salvador Medina
Batting: LHB Carlos Vega 0-0: Ball
1-0: Ball
2-0: Called Strike
2-1: Ball
3-1: Foul Ball, location: 2F
3-2: Foul Ball, location: 2F
3-2: SINGLE (Groundball, 34D, EV 95.0 MPH)
Batting: LHB Donald Imre 0-0: Ball
1-0: Fielders Choice at 2nd, 4-6 (Groundball, 4, EV 88.1 MPH)
Batting: RHB Perry Dominey 0-0: Called Strike
Donald Imre is caught stealing 2nd base 2-4
0-1: Ball
1-1: Called Strike
1-2: Ball
2-2: Ball
3-2: Foul Ball, location: 2F
3-2: Strikes out looking
Top of the 4th over - 0 runs, 1 hit, 0 errors, 0 left on base; West Virginia 5 - Hagerstown 0
BOTTOM OF THE 4TH
Hagerstown Suns batting - Pitching for West Virginia Power : RHP Kyle Davis
Batting: RHB Leo Gutierrez 0-0: Ground out 3-1 (Groundball, 34, EV 100.6 MPH)
Batting: RHB Derek Moran 0-0: Ball
1-0: Ball
2-0: SINGLE (Line Drive, 5D, EV 100.0 MPH)
Batting: LHB Chance McWilliams 0-0: Ball
Derek Moran steals 2nd base
1-0: Called Strike
1-1: Foul Ball, location: 2F
1-2: Strikes out looking
Batting: RHB Slavik Nebrodov 0-0: Ball
1-0: Fly out, F8 (Line Drive, 8LS, EV 98.1 MPH)
Bottom of the 4th over - 0 runs, 1 hit, 0 errors, 1 left on base; West Virginia 5 - Hagerstown 0
TOP OF THE 5TH
West Virginia Power batting - Pitching for Hagerstown Suns : RHP Salvador Medina
Batting: LHB Randy Boone 0-0: Ground out 1-3 (Groundball, 13S, EV 69.4 MPH)
Batting: RHB Mike Velazquez 0-0: Foul Ball, location: 2F
0-1: Ball
1-1: Foul Ball, location: 2F
1-2: Strikes out swinging
Batting: RHB Jaime Dubicki 0-0: Called Strike
0-1: Ball
1-1: Foul Ball, location: 2F
1-2: Strikes out swinging
Top of the 5th over - 0 runs, 0 hits, 0 errors, 0 left on base; West Virginia 5 - Hagerstown 0
BOTTOM OF THE 5TH
Hagerstown Suns batting - Pitching for West Virginia Power : RHP Kyle Davis
Batting: RHB Jesus Malave 0-0: Ball
1-0: Foul Ball, location: 2F
1-1: Ball
2-1: Swinging Strike
2-2: Ball
3-2: Base on Balls
Batting: RHB Tylor Cyr 0-0: Ball
1-0: Ball
2-0: Swinging Strike
2-1: Swinging Strike
2-2: Ball
3-2: Foul Ball, location: 2F
3-2: Strikes out looking
Batting: RHB Steve Bauman 0-0: Called Strike
0-1: Ball
1-1: Ground out 6-3 (Groundball, 6, EV 85.0 MPH)
Jesus Malave to second
Batting: RHB Jim Towle 0-0: Ball
1-0: Ball
2-0: Called Strike
2-1: Ball
3-1: Ground out 2-3 (Groundball, 13S, EV 64.4 MPH)
Bottom of the 5th over - 0 runs, 0 hits, 0 errors, 1 left on base; West Virginia 5 - Hagerstown 0
TOP OF THE 6TH
West Virginia Power batting - Pitching for Hagerstown Suns : RHP Salvador Medina
Batting: LHB Tomohiro Yokoyama 0-0: Foul Ball, location: 2F
0-1: Foul Ball, location: 2F
0-2: Ball
1-2: Ground out 4-3 (Groundball, 4, EV 87.5 MPH)
Batting: RHB Tim Moore 0-0: Ground out 1-3 (Groundball, 13S, EV 67.5 MPH)
Batting: LHB Josh Aerni 0-0: Ball
1-0: Ball
2-0: SINGLE (Groundball, 56D, EV 108.1 MPH)
Pitching: RHP Tim Schultz
Batting: LHB Carlos Vega 0-0: Called Strike
Josh Aerni steals 2nd base
0-1: Swinging Strike
0-2: Foul Ball, location: 2F
0-2: Fly out, F7 (Flyball, 78D, EV 87.5 MPH)
Top of the 6th over - 0 runs, 1 hit, 0 errors, 1 left on base; West Virginia 5 - Hagerstown 0
BOTTOM OF THE 6TH
Hagerstown Suns batting - Pitching for West Virginia Power : RHP Kyle Davis
Batting: SHB Alex Medina 0-0: Called Strike
0-1: Ball
1-1: Swinging Strike
1-2: Ball
2-2: Foul Ball, location: 2F
2-2: Foul Ball, location: 2F
2-2: Ball
3-2: Foul Ball, location: 2F
3-2: Foul Ball, location: 2F
3-2: Base on Balls
Batting: RHB Leo Gutierrez 0-0: Foul Ball, location: 2F
0-1: Ball
1-1: Called Strike
1-2: Ball
2-2: Foul Ball, location: 2F
2-2: Fielders Choice at 2nd, 6-4 (Groundball, 6M, EV 86.9 MPH)
Batting: RHB Derek Moran 0-0: Ball
1-0: Called Strike
Leo Gutierrez is caught stealing 2nd base 2-4
1-1: Swinging Strike
1-2: Ball
2-2: Ball
3-2: DOUBLE (Groundball, 5L, EV 101.9 MPH)
Batting: LHB Chance McWilliams 0-0: Ball
Wild Pitch!
Derek Moran to third
1-0: Swinging Strike
1-1: Foul Ball, location: 2F
1-2: SINGLE (Line Drive, 4D, EV 109.4 MPH)
Derek Moran scores
Batting: RHB Slavik Nebrodov 0-0: Called Strike
0-1: Ball
Chance McWilliams steals 2nd base
1-1: Called Strike
1-2: Strikes out looking
Bottom of the 6th over - 1 run, 2 hits, 0 errors, 1 left on base; West Virginia 5 - Hagerstown 1
TOP OF THE 7TH
West Virginia Power batting - Pitching for Hagerstown Suns : RHP Tim Schultz
Pitching: RHP Chris Lawrence
Batting: LHB Donald Imre 0-0: Foul Ball, location: 2F
0-1: Foul Ball, location: 2F
0-2: Foul Ball, location: 2F
0-2: Foul Ball, location: 2F
0-2: Ball
1-2: Strikes out swinging
Batting: RHB Perry Dominey 0-0: Called Strike
0-1: Called Strike
0-2: Ball
1-2: Ball
2-2: Ball
3-2: DOUBLE (Groundball, 5L, EV 97.5 MPH)
Batting: LHB Randy Boone 0-0: Called Strike
0-1: Ball
1-1: Ball
2-1: Swinging Strike
2-2: Foul Ball, location: 2F
2-2: Strikes out swinging
Batting: RHB Mike Velazquez 0-0: Foul Ball, location: 2F
0-1: Ball
1-1: Ball
2-1: Foul Ball, location: 2F
2-2: Ball
3-2: Base on Balls
Batting: RHB Jaime Dubicki 0-0: Swinging Strike
0-1: Ball
1-1: Ball
Perry Dominey steals 3rd, throwing error, E2
Perry Dominey scores
Mike Velazquez to third
2-1: Foul Ball, location: 2F
2-2: Ball
3-2: Foul Ball, location: 2F
3-2: Strikes out looking
Top of the 7th over - 1 run, 1 hit, 1 error, 1 left on base; West Virginia 6 - Hagerstown 1
BOTTOM OF THE 7TH
Hagerstown Suns batting - Pitching for West Virginia Power : RHP Kyle Davis
Pitching: RHP Victor Medina
Batting: RHB Jesus Malave 0-0: Ball
1-0: Ball
2-0: SINGLE (Groundball, 4MD, EV 106.2 MPH)
Batting: RHB Tylor Cyr 0-0: Ground out 5-3 (Groundball, 56S, EV 68.1 MPH)
Jesus Malave to second
Batting: RHB Steve Bauman 0-0: Foul Ball, location: 2F
0-1: Called Strike
Jesus Malave is caught stealing 3rd base 2-5
0-2: Strikes out swinging
Bottom of the 7th over - 0 runs, 1 hit, 0 errors, 0 left on base; West Virginia 6 - Hagerstown 1
TOP OF THE 8TH
West Virginia Power batting - Pitching for Hagerstown Suns : RHP Chris Lawrence
Batting: LHB Tomohiro Yokoyama 0-0: Ball
1-0: Ball
2-0: Called Strike
2-1: Fly out, F8 (Line Drive, 8LD, EV 95.0 MPH)
Batting: RHB Tim Moore 0-0: Fly out, F9 (Flyball, 89D, EV 101.9 MPH)
Batting: LHB Josh Aerni 0-0: Foul Ball, location: 2F
0-1: Ball
1-1: Foul Ball, location: 2F
1-2: Strikes out swinging
Top of the 8th over - 0 runs, 0 hits, 0 errors, 0 left on base; West Virginia 6 - Hagerstown 1
BOTTOM OF THE 8TH
Hagerstown Suns batting - Pitching for West Virginia Power : RHP Victor Medina
Batting: RHB Jim Towle 0-0: Called Strike
0-1: Called Strike
0-2: Ball
1-2: Ball
2-2: Ball
3-2: Foul Ball, location: 2F
3-2: Strikes out swinging
Batting: SHB Alex Medina 0-0: Ball
1-0: Foul Ball, location: 2F
1-1: Called Strike
1-2: Foul Ball, location: 2F
1-2: Foul Ball, location: 2F
1-2: Ball
2-2: Ground out 6-3 (Groundball, 4M, EV 86.2 MPH)
Batting: RHB Leo Gutierrez 0-0: Ground out 3-1 (Groundball, 34, EV 78.1 MPH)
Bottom of the 8th over - 0 runs, 0 hits, 0 errors, 0 left on base; West Virginia 6 - Hagerstown 1
TOP OF THE 9TH
West Virginia Power batting - Pitching for Hagerstown Suns : RHP Chris Lawrence
Batting: LHB Carlos Vega 0-0: Ball
1-0: Swinging Strike
1-1: Ball
2-1: Foul Ball, location: 2F
2-2: Foul Ball, location: 2F
2-2: Strikes out swinging
Batting: LHB Donald Imre 0-0: Ball
1-0: Foul Ball, location: 2F
1-1: Swinging Strike
1-2: Strikes out looking
Batting: RHB Perry Dominey 0-0: Called Strike
0-1: Foul Ball, location: 2F
0-2: Fly out, F4 (Popup, 23, EV 91.2 MPH)
Top of the 9th over - 0 runs, 0 hits, 0 errors, 0 left on base; West Virginia 6 - Hagerstown 1
BOTTOM OF THE 9TH
Hagerstown Suns batting - Pitching for West Virginia Power : RHP Victor Medina
Batting: RHB Derek Moran 0-0: Called Strike
0-1: Foul Ball, location: 2F
0-2: Ball
1-2: Ball
2-2: Fly out, F6 (Line Drive, 6, EV 63.8 MPH)
Batting: LHB Chance McWilliams 0-0: Foul Ball, location: 2F
0-1: Swinging Strike
0-2: Ground out 4-3 (Groundball, 34, EV 86.9 MPH)
Batting: RHB Slavik Nebrodov 0-0: Called Strike
0-1: Ball
1-1: Foul Ball, location: 2F
1-2: Foul Ball, location: 2F
1-2: Foul Ball, location: 2F
1-2: Foul Ball, location: 2F
1-2: Strikes out swinging
Bottom of the 9th over - 0 runs, 0 hits, 0 errors, 0 left on base; West Virginia 6 - Hagerstown 1
Thursday, December 15th , 2022 - OOTP Baseball 23.9 Build 102